 Dungeon Crawl Stone Soup version 0.23.2-33-g5129a83184 (webtiles) character file.

Game seed: 16635702193459409844

70 Folque the Charmwright (level 4, -3/36 HPs)
             Began as a Centaur Skald on July 9, 2019.
             Slain by a worker ant (5 damage)
             ... on level 2 of the Dungeon.
             The game lasted 00:04:34 (1668 turns).

Folque the Charmwright (Centaur Skald)              Turns: 1668, Time: 00:04:34

Health: -3/36      AC:  4    Str: 13    XL:     4   Next: 3%
Magic:  2/7        EV:  9    Int: 13    God:
Gold:   68         SH:  0    Dex:  9    Spells: 1/7 levels left

rFire    . . .     SeeInvis .   j - +0 war axe
rCold    . . .     Gourm    .   (no shield)
rNeg     . . .     Faith    .   b - +0 leather armour
rPois    .         Spirit   .   (no helmet)
rElec    .         Reflect  .   (no cloak)
rCorr    .         Harm     .   (no gloves)
MR       .....                  (no barding)
Stlth    ..........             (no amulet)
HPRegen  0.12/turn              (no ring)
MPRegen  0.10/turn              (no ring)

@: lethally poisoned (-3 -> -6), infused (expiring), very slightly contaminated,
invisible, very quick
A: large, hooves 3, deformed body, speed 2, tough skin 3
a: no special abilities


You were on level 2 of the Dungeon.
You were hungry.

You visited 1 branch of the dungeon, and saw 3 of its levels.

You collected 68 gold pieces.

Inventory:

Hand Weapons
 a - a +0 hand axe
 j - a +0 war axe (weapon)
Missiles
 e - 3 steel tomahawks (quivered)
Armour
 b - a +0 leather armour (worn)
 c - a +0 robe of magic resistance
Scrolls
 f - 2 scrolls of remove curse {unknown}
 g - 2 scrolls of amnesia {unknown}
 h - a scroll of enchant weapon {unknown}
Potions
 i - a potion of mutation {unknown}
 l - a potion of ambrosia {unknown}
 m - a potion of invisibility
Comestibles
 d - a ration
 n - 3 chunks of flesh


   Skills:
 - Level 2.0 Fighting
 + Level 2.7 Axes
 - Level 0.6 Armour
 - Level 1.3 Dodging
 * Level 2.4 Spellcasting
 + Level 3.1 Charms


You had one spell level left.
You knew the following spells:

 Your Spells              Type           Power        Failure   Level  Hunger
a - Infusion              Chrm           #...         9%          1    #......
b - Shroud of Golubria    Chrm/Tloc      #.........   24%         2    ###....
c - Spectral Weapon       Hex/Chrm       #.......     43%         3    ###....

Your spell library contained the following spells:

 Spells                   Type           Power        Failure   Level  Hunger
 Song of Slaying          Chrm           #.......     13%         2    ###....
 Regeneration             Chrm/Necr      #.........   43%         3    ###....


Dungeon Overview and Level Annotations

Branches:
Dungeon (3/15)

Altars:
Ashenzari


Innate Abilities, Weirdness & Mutations

You have hooves in place of feet.
Armour fits poorly on your strangely shaped body.
You cover ground very quickly.
You have extremely tough skin. (AC +3)


Message History

The worker ant bites you but does no damage.
You hit the worker ant.
The worker ant is almost dead.
The worker ant bites you.
* * * LOW HITPOINT WARNING * * *
A jackal comes into view.
There is a stone staircase leading up here.
The worker ant bites you.
* * * LOW HITPOINT WARNING * * *
You are lethally poisoned!
The worker ant poisons you!
You climb upwards.
* * * LOW HITPOINT WARNING * * *
You feel sick.
There is a stone staircase leading down here.
It was a potion of invisibility.
You fade into invisibility!
* * * LOW HITPOINT WARNING * * *
You feel sick. The worker ant bites you.
You die...

.##..............................
.##..............................
###.................##.######+#..
......########)...........###.#.#
......##....##......).....#...#.#
......##.......#.##.......#.#####
......##..................#......
#####............a........####...
..............#.@................
.............###..........#######
...........#..............)......
...........#........##.#########.
...........#......#.##.#.........
...........#.####.#.##.#.#######.
#####......#.#.................#.
#......#[#.##.#.##.#.......#.
#......#.#.##.#.##......####.


You could see a worker ant.

Vanquished Creatures
  2 adders (D:2)
  3 worms (D:2)
  A leopard gecko (D:3)
  7 bats
  3 giant cockroaches
  2 goblins (D:1)
  4 hobgoblins
  4 jackals (D:2)
  5 frilled lizards
  5 kobolds
  7 rats
43 creatures vanquished.

Notes
Turn   | Place    | Note
-------+----------+-------------------------------------------
     0 | D:1      | Folque the Centaur Skald began the quest for the Orb.
     0 | D:1      | Reached XP level 1. HP: 17/17 MP: 3/3
   223 | D:1      | Reached XP level 2. HP: 24/24 MP: 4/4
   483 | D:2      | Found a shattered altar of Ashenzari.
   569 | D:2      | Learned a level 2 spell: Shroud of Golubria
   635 | D:2      | Reached XP level 3. HP: 29/29 MP: 6/6
   643 | D:2      | Learned a level 3 spell: Spectral Weapon
   784 | D:2      | Reached skill level 3 in Charms
   862 | D:2      | Found a faded altar of an unknown god.
  1464 | D:2      | Reached XP level 4. HP: 28/36 MP: 3/7
  1668 | D:2      | Slain by a worker ant

Skill      XL: |  1  2  3 |
---------------+----------+-----
Axes           | 2 |  2.7
Spellcasting   | 2 |  2.4
Charms         | 3 |  3.1
Fighting       | |  2.0
Armour         | |  0.6
Dodging        | |  1.3

Action                   |  1- 3 |  4- 6 || total
-------------------------+-------+-------++-------
Melee: Hand axe          |    48 |       ||    48
       Kick              |    16 |     1 ||    17
       War axe           |    47 |     7 ||    54
 Cast: Infusion          |     5 |     1 ||     6
  Use: Potion            |       |     2 ||     2
  Eat: Chunk             |     1 |       ||     1
Armor: Leather armour    |    33 |     5 ||    38
Dodge: Dodged            |    46 |     3 ||    49
